 Dungeon Crawl Stone Soup version 0.30.1-11-g7821555f0a (webtiles) character file.

Game seed: 12724183470380868204

17 ChrisAssaf the Magician (level 2, 0/22 HPs)
             Began as a Djinni Venom Mage on Dec 20, 2023.
             Slain by a giant cockroach (1 damage)
             ... on level 1 of the Dungeon.
             The game lasted 00:01:31 (283 turns).

ChrisAssaf the Magician (Djinni Venom Mage)          Turns: 283, Time: 00:01:31

Health: 0/22       AC:  2    Str:  7    XL:     2   Next: 80%
Gold:   28         EV: 12    Int: 16    God:
                   SH:  0    Dex: 13

rFire   + + +        (no weapon)
rCold   . . .        (no shield)
rNeg    . . .        a - +0 robe
rPois   ∞            (no helmet)
rElec   +            (no cloak)
rCorr   +            (no gloves)
SInv    .            (boots unavailable)
Will    .....        (no amulet)
Stlth   ++           (no ring)
HPRegen 0.23/turn    (no ring)
MPRegen 0.00/turn

%: infuse magic (-1 HP)
@: brilliant, resistant, flying
A: sickness immunity, fire resistance 2, cold vulnerability 1, float, innate
caster, HP casting, extra vitality 1
a: no special abilities


You were on level 1 of the Dungeon.
You visited 1 branch of the dungeon, and saw 1 of its levels.

You collected 28 gold pieces.

Inventory:

Armour
 a - a +0 robe (worn)
Potions
 b - a potion of brilliance


   Skills:
 * Level 0.3 Fighting
 * Level 0.5 Armour
 * Level 2.3 Dodging
 * Level 1.7 Stealth
 * Level 2.8 Spellcasting


You knew the following spells:

 Your Spells              Type           Power      Damage    Failure   Level
a - Sting                 Tmut/Pois      68%        1d6       6%          1
b - Poisonous Vapours     Pois/Air       34%        N/A       9%          2
c - Mephitic Cloud        Conj/Pois/Air  17%        N/A       19%         3
d - Olgreb's Toxic Radia  Pois           17%        N/A       52%         4
Your spell library was empty.

Dungeon Overview and Level Annotations

Branches:
Dungeon (1/15)

Altars:


Innate Abilities, Weirdness & Mutations

You are immune to sickness and miasma.
You are immune to poison.
Your flesh is very heat resistant. (rF++)
You are vulnerable to cold. (rC-)
You float through the air rather than walking.
You learn spells naturally, not from books.
Your magical power is your life essence.
You have superior vitality. (+4 MHP)


Message History

The giant cockroach bites you but does no damage.
The giant cockroach barely misses you. The hobgoblin attacks as you move away!
The hobgoblin barely misses you.
The giant cockroach attacks as you move away!
The giant cockroach barely misses you.
It was a potion of resistance.
You feel protected. The giant cockroach bites you.
* * * LOW HITPOINT WARNING * * *
The hobgoblin barely misses you.
The giant cockroach attacks as you move away!
The giant cockroach closely misses you.
The giant cockroach attacks as you move away!
The giant cockroach closely misses you. The giant cockroach bites you.
* * * LOW HITPOINT WARNING * * *
You see here 2 fizzy silvery potions.
b - 2 fizzy silvery potions The giant cockroach bites you.
* * * LOW HITPOINT WARNING * * *
The hobgoblin hits you.
* * * LOW HITPOINT WARNING * * *
It was a potion of brilliance.
You feel clever all of a sudden. The giant cockroach closely misses you.
The hobgoblin hits you but does no damage.
The giant cockroach attacks as you move away!
The giant cockroach barely misses you. The hobgoblin attacks as you move away!
The hobgoblin barely misses you.
Found a stone staircase leading down.
The giant cockroach misses you.
The giant cockroach attacks as you move away!
The giant cockroach barely misses you. The hobgoblin attacks as you move away!
The hobgoblin hits you.
* * * LOW HITPOINT WARNING * * *
The giant cockroach attacks as you move away!
The giant cockroach closely misses you.
The giant cockroach attacks as you move away!
The giant cockroach bites you.
You die...

### #.. #.. #.. # #..
.# .
#..#############..#.#
.##...........JB@...>.#
......†.......#g......#
......†...............#
.##...######..........#
#...# #..#.##....#
#...# #..#.# ....# #
#...# .....# #...#
###...# ##..### ....
).....# .#


You could see an endoplasm, a giant cockroach and a hobgoblin.

Vanquished Creatures
  A dart slug (D:1)
  A giant cockroach (D:1)
  A goblin (D:1)
  3 jackals (D:1)
  2 kobolds (D:1)
  3 bats (D:1)
  A frilled lizard (D:1)
  3 rats (D:1)
15 creatures vanquished.

Notes
Turn   | Place    | Note
-------+----------+-------------------------------------------
     0 | D:1      | ChrisAssaf the Djinni Venom Mage began the quest for the
                  | Orb.
     0 | D:1      | ChrisAssaf set off with the following spells memorised:
                  | Sting, Poisonous Vapours, Mephitic Cloud, Olgreb's Toxic
                  | Radiance.
     0 | D:1      | Reached XP level 1. HP: 15/15 MP: 0/0
   182 | D:1      | Reached XP level 2. HP: 19/21 MP: 0/0
   276 | D:1      | HP: 1/22 [hobgoblin (3)]
   281 | D:1      | HP: 1/22 [hobgoblin (1)]
   283 | D:1      | Slain by a giant cockroach

Illustrated notes

Levels and vault maps discovered:
D:1:      minmay_arrival_wavy_path, layout_loops_ring, serial_shops,
          nicolae_shop_tiny_real_fake_doors, grunt_decor_cap,
          minmay_misc_feat_hallway, minmay_misc_feat_square

Action                     || total
---------------------------++-------
   Cast: Sting             ||    13
         Poisonous Vapours ||     6
    Use: Scroll            ||     1
         Potion            ||     2
 Armour: Robe              ||     9
  Dodge: Dodged            ||    33
